 Dungeon Crawl Stone Soup version 0.29.0-4-gdea44cf6ec (webtiles) character file.

Game seed: 12936786434733456362

26052 qw the Brawler (level 12, -7/118 HPs)
             Began as a Troll Cinder Acolyte on Aug 31, 2022.
             Was an Initiate of Ignis.
             Mangled by an elephant (14 damage)
             ... on level 5 of the Lair of Beasts.
             The game lasted 00:06:25 (11953 turns).

qw the Brawler (Troll Cinder Acolyte)              Turns: 11953, Time: 00:06:25

Health: -7/118     AC: 13    Str: 35    XL:     12   Next: 94%
Magic:  12/12      EV:  9    Int: 10    God:    Ignis [......]
Gold:   759        SH:  0    Dex:  5    Spells: 13/13 levels left

rFire   + . .      SeeInvis +     - Unarmed
rCold   + . .      Faith    .   (no shield)
rNeg    . . .      Spirit   .   s - +3 acid dragon scales
rPois   .          Reflect  .   (helmet restricted)
rElec   +          Harm     .   q - +1 cloak
rCorr   +          Rampage  .   (gloves unavailable)
Will    .....                   (boots unavailable)
Stlth   ..........              b - amulet of the Bull {RegenMP rElec Slay+3 SInv}
HPRegen 1.09/turn               c - +6 ring of strength
MPRegen 0.53/turn               r - ring of protection from cold

@: no status effects
A: large, unfitting armour, claws 3, regeneration 1, shaggy fur 1, tough skin 1
a: Renounce Religion, Rising Flame


You were on level 5 of the Lair of Beasts.
You worshipped Ignis.
Ignis was noncommittal.
You visited 2 branches of the dungeon, and saw 13 of its levels.

You collected 759 gold pieces.


Innate Abilities, Weirdness & Mutations

You are too large for most types of armour.
You have claws for hands.
Your natural rate of healing is unusually fast.
You are covered in fur. (AC +1)
You have tough skin. (AC +1)


   Skills:
 + Level 7.6 Fighting
 - Level 6.0 Throwing
 - Level 3.1 Armour
 - Level 4.1 Dodging
 - Level 18.0 Unarmed Combat
 - Level 1.0 Spellcasting
 - Level 2.1 Fire Magic


You had 13 spell levels left.
You didn't know any spells.
Your spell library contained the following spells:

 Spells                   Type           Power      Damage    Failure   Level
 Scorch                   Fire           8%         2d5       24%         2

Inventory:

Missiles
 l - 2 silver javelins (quivered)
 n - a boomerang
Armour
 q - a +1 cloak (worn)
 s - +3 acid dragon scales (worn)
Jewellery
 b - the amulet of the Bull (around neck) {RegenMP rElec Slay+3 SInv}
   (You acquired it on level 2 of the Dungeon)

   [amulet of magic regeneration]

   It increases your rate of magic regeneration.
   Slay:      It affects your accuracy & damage with ranged weapons and melee
   (+3).
   rElec:     It insulates you from electricity.
   SInv:      It lets you see invisible.
 c - a +6 ring of strength (left claw)
 i - a ring of see invisible
 r - a ring of protection from cold (right claw)
 Y - a +6 ring of dexterity
Wands
 p - a wand of digging (1)
Scrolls
 d - 4 scrolls of identify
 o - 2 scrolls of enchant weapon
Potions
 a - a potion of resistance
 e - 3 potions of curing
 f - a potion of cancellation
 g - 4 potions of might
 h - 2 potions of haste
 j - a potion of mutation

Dungeon Overview and Level Annotations

Branches:
Dungeon (8/15)             Temple (0/1) D:6            Lair (5/5) D:8
 Shoals (0/4) Lair:2        Snake (0/4) Lair:2        Slime (0/5) Lair:4

Altars:
Elyvilon
Fedhas
Kikubaaqudgha
Makhleb
Nemelex Xobeh
Vehumet
Zin
Jiyva

Shops:
D:5 (

Annotations:
D:3 1 runed translucent door, Crazy Yiuf
D:8 2 transporters
Lair:1 1 runed translucent door, qw's ghost, journeyman TeWr
Lair:4 3 runed translucent doors, qw's ghost, journeyman TrCA


Message History

The elephant tramples you but does no damage.
The elephant trunk-slaps you. The death yak gores you!!
11945 ||| Stepping ~*~*~tactically~*~*~ (outnumbered).
The elephant attacks as you move away! The elephant barely misses you.
The elephant trunk-slaps you but does no damage.
The death yak gores you!
The dream sheep shake their wool and sparkle.
You feel drowsy...
You fall asleep.
A nearby fungus withers and dies.
The dream sheep bites you.
You wake up.
The elephant tramples you but does no damage.
The elephant trunk-slaps you but does no damage.
The elephant tramples you but does no damage.
The elephant closely misses you.
11947 ||| Stepping ~*~*~tactically~*~*~ (outnumbered).
The dream sheep bites you! The death yak closely misses you.
11948 ||| Stepping ~*~*~tactically~*~*~ (outnumbered).
The death yak attacks as you move away! The death yak gores you!
The dream sheep attacks as you move away!
The dream sheep bites you but does no damage.
The cane toad stings you!
The dream sheep bites you but does no damage.
A dream sheep comes into view.
11949 ||| Stepping ~*~*~tactically~*~*~ (outnumbered).
The elephant attacks as you move away!
The elephant tramples you but does no damage.
The elephant closely misses you.
The dream sheep bleats!
You claw the elephant!
The elephant is moderately wounded.
The elephant tramples you.
You stumble backwards!
You mangle the elephant!!
The elephant is heavily wounded.
You eviscerate the elephant!!!
You kill the elephant!
You hear a bleat!
A dream sheep comes into view.
Your Armour skill increases to level 3!
11953 ||| Stepping ~*~*~tactically~*~*~ (stealth).
The elephant attacks as you move away! The elephant tramples you!
You die...

..... .... .+ #...
#.. ##..# ....
###...## #....
.#....#
......#.....##
.......@Y....#
###...##Y.F..#
.#.#P.##.##YYP#...
...#..#..Y.YY##
............Y.#
.........Y....#..P
.........$.Y..Y...
...................
........<..........


You could see 2 death yaks, 2 elephants, a cane toad and 4 dream sheep.

Vanquished Creatures
  Fannar (Lair:1)
  3 hydras
  Urug (Lair:2)
  A fire crab (Lair:4)
  13 elephants
  A black mamba (Lair:3)
  4 cane toads
  Maggie (Lair:1)
  6 komodo dragons
  3 rime drakes
  8 blink frogs
  Grinder (D:3)
  Sigmund (D:3)
  A snapping turtle (Lair:2)
  20 yaks
  7 wyverns
  3 basilisks
  A steam dragon (D:4)
  3 nagas (Lair:2)
  19 water moccasins
  An orc warrior (D:6)
  2 ice beasts (D:7)
  3 sky beasts
  3 black bears (D:8)
  2 ogres
  11 wolves
  2 centaurs (D:8)
  A phantom (D:4)
  A kobold brigand (D:8)
  Blork the orc (D:4)
  11 bullfrogs
  6 necrophages (Lair:4)
  3 scorpions
  A wight (D:4)
  7 howler monkeys
  A crimson imp (D:6)
  3 hounds
  4 jellies
  An orc priest (D:3)
  2 gnoll boudas
  Natasha (thrice) (D:4)
  7 iguanas
  11 orc wizards
  7 hell rats (Lair:2)
  A mummy (D:8)
  20 gnolls
  18 adders
  A white imp (D:6)
  3 ufetubi (D:5)
  3 worms
  5 dart slugs
  31 orcs
  3 bats
  9 endoplasms
  3 giant cockroaches
  11 hobgoblins
  2 jackals (D:1)
  3 quokkas
  8 ball pythons
  2 frilled lizards (D:1)
  8 goblins
  6 kobolds
  2 rats (D:1)
331 creatures vanquished.

Vanquished Creatures (others)
  22 fungi
  35 plants
  12 toadstools (D:4)
69 creatures vanquished.

Grand Total: 400 creatures vanquished

Notes
Turn   | Place    | Note
-------+----------+-------------------------------------------
     0 | D:1      | qw the Troll Cinder Acolyte began the quest for the Orb.
     0 | D:1      | Reached XP level 1. HP: 22/22 MP: 1/1
     0 | D:1      | 0 ||| qw: Version: 0.1-a-97-g2dd2ca4
     0 | D:1      | 0 ||| qw: Game counter: 4645
     0 | D:1      | 0 ||| qw: Always use a shield: true
     0 | D:1      | 0 ||| qw: God list: Okawaru
     0 | D:1      | 0 ||| qw: Allow faded altars: false
     0 | D:1      | 0 ||| qw: Do Orc after D:15 true
     0 | D:1      | 0 ||| qw: Do second Lair branch before Depths: true
     0 | D:1      | 0 ||| qw: Lair rune preference: random
     0 | D:1      | 0 ||| qw: Plans: Normal
     0 | D:1      | 0 ||| PLANNING D:1-11
   121 | D:1      | 121 ||| Stepping ~*~*~tactically~*~*~ (stealth).
   124 | D:1      | 124 ||| Stepping ~*~*~tactically~*~*~ (stealth).
   127 | D:1      | Reached XP level 2. HP: 29/29 MP: 2/2
   169 | D:1      | Found a faded altar of an unknown god.
   387 | D:1      | 387 ||| Stepping ~*~*~tactically~*~*~ (stealth).
   391 | D:1      | 391 ||| Stepping ~*~*~tactically~*~*~ (stealth).
   392 | D:1      | 392 ||| Stepping ~*~*~tactically~*~*~ (stealth).
   395 | D:1      | Reached skill level 4 in Unarmed Combat
   679 | D:1      | 679 ||| READING 5 scrolls labelled RORGHAS ZAYV.
   680 | D:1      | 680 ||| READING scroll labelled PECAIC OTHOM NOV.
   781 | D:1      | 781 ||| READING scroll labelled MUABRE QUIMP.
   782 | D:1      | 782 ||| DRINKING 2 fuming silvery potions.
   802 | D:1      | 802 ||| READING 4 scrolls of identify.
   802 | D:1      | 802 ||| IDENTIFYING bubbling purple potion
   803 | D:1      | 803 ||| READING 3 scrolls of identify.
   803 | D:1      | 803 ||| IDENTIFYING clear potion
   804 | D:1      | 804 ||| READING 2 scrolls of identify.
   804 | D:1      | 804 ||| IDENTIFYING silvery potion
   805 | D:1      | 805 ||| DROPPING potion of ambrosia.
   806 | D:1      | 806 ||| DROPPING potion of lignification.
   840 | D:2      | Found a white marble altar of Elyvilon.
   848 | D:2      | Identified the +5 short sword of Ancient Evil {freeze,
                  | Str+3 Int+4 SInv}
   936 | D:2      | Reached XP level 3. HP: 36/36 MP: 3/3
  1039 | D:2      | Reached skill level 1 in Throwing
  1133 | D:2      | 1133 ||| Stepping ~*~*~tactically~*~*~ (stealth).
  1135 | D:2      | 1135 ||| INVOKING Fiery Armour.
  1137 | D:2      | 1137 ||| Stepping ~*~*~tactically~*~*~ (stealth).
  1143 | D:2      | 1143 ||| Stepping ~*~*~tactically~*~*~ (outnumbered).
  1145 | D:2      | Reached XP level 4. HP: 43/44 MP: 4/4
  1148 | D:2      | Reached skill level 5 in Unarmed Combat
  1156 | D:2      | 1156 ||| Stepping ~*~*~tactically~*~*~ (stealth).
  1399 | D:2      | 1399 ||| READING scroll labelled MUCVUOCOTET.
  1399 | D:2      | Identified a scroll of acquirement
  1399 | D:2      | 1399 ||| ACQUIRING amulet of the Bull {RegenMP rElec Slay+3
                  | SInv}
  1399 | D:2      | Acquired the amulet of the Bull {RegenMP rElec Slay+3 SInv}
  1401 | D:2      | 1401 ||| UPGRADING to amulet of the Bull {RegenMP rElec
                  | Slay+3 SInv}.
  1659 | D:3      | 1659 ||| Stepping ~*~*~tactically~*~*~ (stealth).
  1720 | D:3      | Noticed Sigmund
  1721 | D:3      | 1721 ||| Stepping ~*~*~tactically~*~*~ (hiding).
  1724 | D:3      | 1724 ||| Stepping ~*~*~tactically~*~*~ (hiding).
  1734 | D:3      | Killed Sigmund
  1735 | D:3      | Reached skill level 6 in Unarmed Combat
  1735 | D:3      | Reached XP level 5. HP: 40/50 MP: 5/5
  1735 | D:3      | Reached XP level 6. HP: 47/59 MP: 6/6
  1916 | D:3      | 1916 ||| INVOKING Fiery Armour.
  1931 | D:3      | Reached skill level 7 in Unarmed Combat
  1954 | D:3      | 1954 ||| Stepping ~*~*~tactically~*~*~ (hiding).
  1956 | D:3      | 1956 ||| DRINKING potion of curing.
  1956 | D:3      | 1956 ||| (to cure confusion)
  2143 | D:3      | Found a runed translucent door.
  2144 | D:3      | Noticed Crazy Yiuf
  2232 | D:3      | Noticed Grinder
  2243 | D:3      | Killed Grinder
  2244 | D:3      | Reached skill level 8 in Unarmed Combat
  2244 | D:3      | Reached XP level 7. HP: 45/66 MP: 7/7
  2523 | D:3      | 2523 ||| UPGRADING to +6 ring of strength.
  2524 | D:3      | 2524 ||| READING scroll labelled WISOSU CIL.
  2525 | D:3      | 2525 ||| READING scroll labelled WEUC FOOBUIHED.
  2526 | D:3      | 2526 ||| READING 3 scrolls of identify.
  2526 | D:3      | 2526 ||| IDENTIFYING metallic black potion
  2527 | D:3      | 2527 ||| READING 2 scrolls of identify.
  2527 | D:3      | 2527 ||| IDENTIFYING fuming sapphire potion
  2528 | D:3      | 2528 ||| DROPPING potion of attraction.
  2743 | D:4      | Noticed Blork the orc
  2749 | D:4      | Killed Blork the orc
  2750 | D:4      | Reached skill level 3 in Fighting
  2896 | D:4      | Noticed a steam dragon
  3002 | D:4      | Killed a steam dragon
  3003 | D:4      | Reached skill level 9 in Unarmed Combat
  3003 | D:4      | Reached XP level 8. HP: 64/75 MP: 8/8
  3077 | D:4      | 3077 ||| Stepping ~*~*~tactically~*~*~ (stealth).
  3091 | D:4      | Reached skill level 1 in Dodging
  3111 | D:4      | 3111 ||| Stepping ~*~*~tactically~*~*~ (hiding).
  3122 | D:4      | 3122 ||| Stepping ~*~*~tactically~*~*~ (stealth).
  3124 | D:4      | 3124 ||| Stepping ~*~*~tactically~*~*~ (hiding).
  3177 | D:4      | 3177 ||| Stepping ~*~*~tactically~*~*~ (stealth).
  3198 | D:4      | 3198 ||| Stepping ~*~*~tactically~*~*~ (stealth).
  3204 | D:4      | 3204 ||| Stepping ~*~*~tactically~*~*~ (stealth).
  3206 | D:4      | Noticed Natasha
  3207 | D:4      | 3207 ||| Stepping ~*~*~tactically~*~*~ (hiding).
  3209 | D:4      | 3209 ||| Stepping ~*~*~tactically~*~*~ (hiding).
  3210 | D:4      | 3210 ||| Stepping ~*~*~tactically~*~*~ (hiding).
  3220 | D:4      | 3220 ||| Stepping ~*~*~tactically~*~*~ (hiding).
  3228 | D:4      | Killed Natasha
  3245 | D:4      | 3245 ||| Stepping ~*~*~tactically~*~*~ (stealth).
  3299 | D:4      | 3299 ||| Stepping ~*~*~tactically~*~*~ (stealth).
  3300 | D:4      | 3300 ||| Stepping ~*~*~tactically~*~*~ (stealth).
  3395 | D:4      | Noticed Natasha
  3397 | D:4      | 3397 ||| Stepping ~*~*~tactically~*~*~ (hiding).
  3398 | D:4      | 3398 ||| Stepping ~*~*~tactically~*~*~ (hiding).
  3399 | D:4      | 3399 ||| Stepping ~*~*~tactically~*~*~ (hiding).
  3405 | D:4      | Killed Natasha
  3512 | D:4      | Identified the +0 scale mail "Cuudu" {rF+ Dex+4}
  3515 | D:4      | Noticed Natasha
  3516 | D:4      | 3516 ||| Stepping ~*~*~tactically~*~*~ (hiding).
  3525 | D:4      | Killed Natasha
  3608 | D:4      | Found a blossoming altar of Fedhas.
  3638 | D:4      | Noticed an oklob plant
  3639 | D:4      | 3639 ||| INVOKING Fiery Armour.
  3666 | D:4      | 3666 ||| READING scroll labelled QYOMASKOIL.
  3667 | D:4      | 3667 ||| READING 2 scrolls labelled PICUFO ERYSTY.
  3668 | D:4      | 3668 ||| READING 2 scrolls of identify.
  3668 | D:4      | 3668 ||| IDENTIFYING inky potion
  3669 | D:4      | 3669 ||| DROPPING potion of brilliance.
  3670 | D:4      | 3670 ||| DROPPING scroll of magic mapping.
  3683 | D:5      | Entered Level 5 of the Dungeon
  3754 | D:5      | 3754 ||| Stepping ~*~*~tactically~*~*~ (stealth).
  3755 | D:5      | 3755 ||| Stepping ~*~*~tactically~*~*~ (stealth).
  3757 | D:5      | Reached skill level 10 in Unarmed Combat
  3844 | D:5      | 3844 ||| Stepping ~*~*~tactically~*~*~ (hiding).
  3967 | D:5      | Found Niangiyji's Antique Weapon Shoppe.
  3972 | D:5      | 3972 ||| READING scroll labelled NUED HANIUS.
  4007 | D:5      | 4007 ||| Stepping ~*~*~tactically~*~*~ (hiding).
  4650 | D:5      | 4650 ||| READING scroll labelled WEDICH RI SASU.
  4687 | D:6      | 4687 ||| STAIRDANCE
  4697 | D:6      | 4697 ||| STAIRDANCE
  4717 | D:6      | 4717 ||| STAIRDANCE
  4785 | D:6      | 4785 ||| Stepping ~*~*~tactically~*~*~ (stealth).
  4789 | D:6      | 4789 ||| Stepping ~*~*~tactically~*~*~ (stealth).
  4790 | D:6      | 4790 ||| Stepping ~*~*~tactically~*~*~ (stealth).
  4812 | D:6      | 4812 ||| Stepping ~*~*~tactically~*~*~ (stealth).
  4813 | D:6      | 4813 ||| Stepping ~*~*~tactically~*~*~ (stealth).
  4814 | D:6      | 4814 ||| Stepping ~*~*~tactically~*~*~ (stealth).
  4818 | D:6      | 4818 ||| Stepping ~*~*~tactically~*~*~ (stealth).
  4819 | D:6      | 4819 ||| Stepping ~*~*~tactically~*~*~ (stealth).
  4859 | D:6      | 4859 ||| Stepping ~*~*~tactically~*~*~ (hiding).
  4861 | D:6      | 4861 ||| Stepping ~*~*~tactically~*~*~ (outnumbered).
  4866 | D:6      | Reached XP level 9. HP: 69/85 MP: 9/9
  4867 | D:6      | 4867 ||| Stepping ~*~*~tactically~*~*~ (outnumbered).
  4870 | D:6      | 4870 ||| DRINKING 2 potions of curing.
  4870 | D:6      | 4870 ||| (to cure confusion)
  4874 | D:6      | 4874 ||| Stepping ~*~*~tactically~*~*~ (outnumbered).
  4919 | D:6      | 4919 ||| Stepping ~*~*~tactically~*~*~ (stealth).
  4922 | D:6      | 4922 ||| Stepping ~*~*~tactically~*~*~ (stealth).
  4925 | D:6      | 4925 ||| Stepping ~*~*~tactically~*~*~ (stealth).
  4928 | D:6      | 4928 ||| Stepping ~*~*~tactically~*~*~ (hiding).
  4964 | D:6      | 4964 ||| Stepping ~*~*~tactically~*~*~ (stealth).
  4972 | D:6      | Found a glowing silver altar of Zin.
  4972 | D:6      | Found a white marble altar of Elyvilon.
  5007 | D:6      | 5007 ||| Stepping ~*~*~tactically~*~*~ (stealth).
  5013 | D:6      | Reached skill level 11 in Unarmed Combat
  5026 | D:6      | Found a burning altar of Makhleb.
  5027 | D:6      | Found a radiant altar of Vehumet.
  5146 | D:6      | Found a staircase to the Ecumenical Temple.
  5150 | D:6      | 5150 ||| Stepping ~*~*~tactically~*~*~ (stealth).
  5167 | D:6      | 5167 ||| Stepping ~*~*~tactically~*~*~ (stealth).
  5168 | D:6      | 5168 ||| Stepping ~*~*~tactically~*~*~ (stealth).
  5224 | D:6      | 5224 ||| Stepping ~*~*~tactically~*~*~ (stealth).
  5231 | D:6      | 5231 ||| Stepping ~*~*~tactically~*~*~ (hiding).
  5477 | D:6      | 5477 ||| READING scroll labelled OKKUNU ZIMIC.
  5481 | D:6      | 5481 ||| DRINKING 2 ruby potions.
  5482 | D:6      | 5482 ||| READING 3 scrolls of identify.
  5482 | D:6      | 5482 ||| IDENTIFYING glowing white potion
  5483 | D:6      | 5483 ||| READING 2 scrolls of identify.
  5483 | D:6      | 5483 ||| IDENTIFYING bubbling amethyst potion
  5484 | D:6      | 5484 ||| DROPPING potion of flight.
  5505 | D:7      | Reached skill level 3 in Throwing
  5543 | D:7      | 5543 ||| Stepping ~*~*~tactically~*~*~ (stealth).
  5657 | D:7      | Reached skill level 12 in Unarmed Combat
  6067 | D:7      | 6067 ||| Stepping ~*~*~tactically~*~*~ (outnumbered).
  6082 | D:7      | 6082 ||| UPGRADING to +6 ring of dexterity.
  6083 | D:7      | 6083 ||| DROPPING ring of magical power.
  6084 | D:7      | 6084 ||| READING scroll labelled PITIYT DOUWEHE.
  6085 | D:7      | 6085 ||| READING scroll labelled FIBIBLUUTU.
  6086 | D:7      | 6086 ||| READING 3 scrolls of identify.
  6086 | D:7      | 6086 ||| IDENTIFYING black potion
  6087 | D:7      | 6087 ||| READING 2 scrolls of identify.
  6087 | D:7      | 6087 ||| IDENTIFYING bubbling clear potion
  6088 | D:7      | 6088 ||| DROPPING potion of invisibility.
  6115 | D:8      | 6115 ||| PLANNING OSSUARY
  6135 | D:8      | Noticed a manticore
  6138 | D:8      | Noticed a troll
  6140 | D:8      | Noticed a centaur warrior
  6142 | D:8      | Found a sparkling altar of Nemelex Xobeh.
  6142 | D:8      | Found a transporter.
  6143 | D:8      | Noticed a yaktaur
  6150 | D:8      | Found a transporter.
  6175 | D:8      | 6175 ||| Stepping ~*~*~tactically~*~*~ (stealth).
  6192 | D:8      | 6192 ||| Stepping ~*~*~tactically~*~*~ (stealth).
  6308 | D:8      | 6308 ||| FLEEEEING.
  6309 | D:8      | 6309 ||| FLEEEEING.
  6310 | D:8      | 6310 ||| FLEEEEING.
  6311 | D:8      | 6311 ||| STAIRDANCE
  6334 | D:8      | 6334 ||| STAIRDANCE
  6338 | D:7      | Reached XP level 10. HP: 84/96 MP: 10/10
  6358 | D:8      | Reached skill level 13 in Unarmed Combat
  6358 | D:8      | 6358 ||| STAIRDANCE
  6400 | D:8      | 6400 ||| Stepping ~*~*~tactically~*~*~ (stealth).
  6402 | D:8      | 6402 ||| Stepping ~*~*~tactically~*~*~ (stealth).
  6404 | D:8      | Found a staircase to the Lair.
  6405 | D:8      | 6405 ||| Stepping ~*~*~tactically~*~*~ (stealth).
  6410 | D:8      | 6410 ||| INVOKING Fiery Armour.
  6414 | D:8      | 6414 ||| Stepping ~*~*~tactically~*~*~ (outnumbered).
  6421 | D:8      | Reached skill level 3 in Dodging
  6426 | D:8      | 6426 ||| FLEEEEING.
  6428 | D:8      | 6428 ||| Stepping ~*~*~tactically~*~*~ (stealth).
  6430 | D:8      | 6430 ||| FLEEEEING.
  6431 | D:8      | 6431 ||| STAIRDANCE
  6450 | D:8      | 6450 ||| Stepping ~*~*~tactically~*~*~ (outnumbered).
  6451 | D:8      | 6451 ||| Stepping ~*~*~tactically~*~*~ (stealth).
  6454 | D:8      | 6454 ||| Stepping ~*~*~tactically~*~*~ (outnumbered).
  6455 | D:8      | 6455 ||| Stepping ~*~*~tactically~*~*~ (outnumbered).
  6485 | D:8      | 6485 ||| Stepping ~*~*~tactically~*~*~ (hiding).
  6532 | D:8      | 6532 ||| Stepping ~*~*~tactically~*~*~ (stealth).
  6533 | D:8      | 6533 ||| Stepping ~*~*~tactically~*~*~ (stealth).
  6550 | D:8      | 6550 ||| FLEEEEING.
  6551 | D:8      | 6551 ||| FLEEEEING.
  6659 | D:8      | Reached skill level 14 in Unarmed Combat
  6659 | D:8      | 6659 ||| FLEEEEING.
  6660 | D:8      | 6660 ||| FLEEEEING.
  6664 | D:8      | 6664 ||| Stepping ~*~*~tactically~*~*~ (outnumbered).
  6703 | D:8      | Found an ancient bone altar of Kikubaaqudgha.
  7031 | D:8      | 7031 ||| RIP OSSUARY
  7031 | D:8      | 7031 ||| PLANNING LAIR
  7031 | D:8      | 7031 ||| DROPPING ring of positive energy.
  7032 | D:8      | 7032 ||| READING scroll labelled RYROOP ZEUDERAIDO.
  7059 | Lair:1   | Entered Level 1 of the Lair of Beasts
  7069 | Lair:1   | 7069 ||| Stepping ~*~*~tactically~*~*~ (hiding).
  7075 | Lair:1   | Reached skill level 6 in Fighting
  7133 | Lair:1   | Noticed Fannar
  7141 | Lair:1   | 7141 ||| Stepping ~*~*~tactically~*~*~ (outnumbered).
  7142 | Lair:1   | 7142 ||| Stepping ~*~*~tactically~*~*~ (outnumbered).
  7143 | Lair:1   | 7143 ||| Stepping ~*~*~tactically~*~*~ (outnumbered).
  7145 | Lair:1   | 7145 ||| Stepping ~*~*~tactically~*~*~ (outnumbered).
  7147 | Lair:1   | 7147 ||| INVOKING Fiery Armour.
  7149 | Lair:1   | 7149 ||| Stepping ~*~*~tactically~*~*~ (outnumbered).
  7150 | Lair:1   | 7150 ||| Stepping ~*~*~tactically~*~*~ (outnumbered).
  7152 | Lair:1   | HP: 12/98 [Fannar/bolt of cold (34)]
  7153 | Lair:1   | 7153 ||| DRINKING potion of heal wounds.
  7156 | Lair:1   | Killed Fannar
  7349 | Lair:1   | Found a runed translucent door.
  7349 | Lair:1   | Noticed qw's ghost (journeyman TeWr)
  7518 | Lair:1   | Reached XP level 11. HP: 101/105 MP: 11/11
  7543 | Lair:1   | Reached skill level 15 in Unarmed Combat
  7575 | Lair:1   | 7575 ||| INVOKING Fiery Armour.
  7597 | Lair:1   | 7597 ||| Stepping ~*~*~tactically~*~*~ (stealth).
  7598 | Lair:1   | 7598 ||| Stepping ~*~*~tactically~*~*~ (stealth).
  7604 | Lair:1   | 7604 ||| Stepping ~*~*~tactically~*~*~ (stealth).
  7644 | Lair:1   | 7644 ||| Stepping ~*~*~tactically~*~*~ (outnumbered).
  7747 | Lair:1   | Noticed Maggie
  7749 | Lair:1   | 7749 ||| Stepping ~*~*~tactically~*~*~ (hiding).
  7756 | Lair:1   | Killed Maggie
  8016 | Lair:1   | 8016 ||| UPGRADING to +1 robe of cold resistance.
  8026 | Lair:1   | 8026 ||| DROPPING +0 robe.
  8027 | Lair:1   | 8027 ||| UPGRADING to +1 acid dragon scales.
  8037 | Lair:1   | 8037 ||| DROPPING +1 robe of cold resistance.
  8038 | Lair:1   | 8038 ||| READING scroll of enchant armour.
  8038 | Lair:1   | 8038 ||| ENCHANTING +1 acid dragon scales.
  8039 | Lair:1   | 8039 ||| READING scroll labelled YGROAT ESERGH.
  8109 | Lair:2   | 8109 ||| Stepping ~*~*~tactically~*~*~ (stealth).
  8115 | Lair:2   | Reached skill level 1 in Armour
  8118 | Lair:2   | 8118 ||| Stepping ~*~*~tactically~*~*~ (outnumbered).
  8142 | Lair:2   | 8142 ||| Stepping ~*~*~tactically~*~*~ (stealth).
  8157 | Lair:2   | Identified the +0 pair of gloves of Xaluir {rElec}
  8165 | Lair:2   | 8165 ||| Stepping ~*~*~tactically~*~*~ (stealth).
  8166 | Lair:2   | 8166 ||| Stepping ~*~*~tactically~*~*~ (stealth).
  8169 | Lair:2   | 8169 ||| INVOKING Fiery Armour.
  8172 | Lair:2   | 8172 ||| Stepping ~*~*~tactically~*~*~ (stealth).
  8177 | Lair:2   | 8177 ||| Stepping ~*~*~tactically~*~*~ (outnumbered).
  8178 | Lair:2   | 8178 ||| Stepping ~*~*~tactically~*~*~ (outnumbered).
  8203 | Lair:2   | Identified the +9 halberd of Midwinter {drain, Fragile
                  | rCorr Dex+3 SInv}
  8359 | Lair:2   | 8359 ||| Stepping ~*~*~tactically~*~*~ (stealth).
  8370 | Lair:2   | Reached skill level 16 in Unarmed Combat
  8463 | Lair:2   | Noticed Urug
  8464 | Lair:2   | 8464 ||| INVOKING Fiery Armour.
  8472 | Lair:2   | 8472 ||| FLEEEEING.
  8473 | Lair:2   | 8473 ||| FLEEEEING.
  8474 | Lair:2   | 8474 ||| FLEEEEING.
  8475 | Lair:2   | 8475 ||| FLEEEEING.
  8476 | Lair:2   | 8476 ||| FLEEEEING.
  8477 | Lair:2   | 8477 ||| FLEEEEING.
  8478 | Lair:2   | 8478 ||| FLEEEEING.
  8479 | Lair:2   | 8479 ||| FLEEEEING.
  8480 | Lair:2   | 8480 ||| FLEEEEING.
  8481 | Lair:2   | 8481 ||| FLEEEEING.
  8482 | Lair:2   | 8482 ||| FLEEEEING.
  8483 | Lair:2   | 8483 ||| FLEEEEING.
  8484 | Lair:2   | 8484 ||| FLEEEEING.
  8485 | Lair:2   | 8485 ||| FLEEEEING.
  8486 | Lair:2   | 8486 ||| FLEEEEING.
  8487 | Lair:2   | 8487 ||| FLEEEEING.
  8488 | Lair:2   | 8488 ||| FLEEEEING.
  8489 | Lair:2   | 8489 ||| FLEEEEING.
  8490 | Lair:2   | 8490 ||| FLEEEEING.
  8491 | Lair:2   | 8491 ||| FLEEEEING.
  8492 | Lair:2   | 8492 ||| FLEEEEING.
  8493 | Lair:2   | 8493 ||| FLEEEEING.
  8494 | Lair:2   | 8494 ||| FLEEEEING.
  8495 | Lair:2   | 8495 ||| FLEEEEING.
  8500 | Lair:2   | 8500 ||| STAIRDANCE
  8669 | Lair:2   | 8669 ||| READING scroll of enchant armour.
  8669 | Lair:2   | 8669 ||| ENCHANTING +2 acid dragon scales.
  8676 | Lair:2   | 8676 ||| Stepping ~*~*~tactically~*~*~ (stealth).
  8677 | Lair:2   | 8677 ||| Stepping ~*~*~tactically~*~*~ (stealth).
  8679 | Lair:2   | 8679 ||| Stepping ~*~*~tactically~*~*~ (stealth).
  8754 | Lair:2   | Found a staircase to the Snake Pit.
  8756 | Lair:2   | 8756 ||| Stepping ~*~*~tactically~*~*~ (hiding).
  8758 | Lair:2   | 8758 ||| Stepping ~*~*~tactically~*~*~ (stealth).
  8767 | Lair:2   | 8767 ||| INVOKING Fiery Armour.
  8772 | Lair:2   | HP: 24/98 [poisoned by a naga (splash of poison)]
  8773 | Lair:2   | 8773 ||| READING scroll of teleportation.
  8777 | Lair:2   | HP: 23/99 [poisoned by a naga (splash of poison)]
  8856 | Lair:2   | 8856 ||| FLEEEEING.
  8857 | Lair:2   | 8857 ||| FLEEEEING.
  8858 | Lair:2   | 8858 ||| FLEEEEING.
  8859 | Lair:2   | 8859 ||| FLEEEEING.
  8860 | Lair:2   | 8860 ||| FLEEEEING.
  8861 | Lair:2   | 8861 ||| FLEEEEING.
  8862 | Lair:2   | 8862 ||| FLEEEEING.
  8863 | Lair:2   | 8863 ||| FLEEEEING.
  8864 | Lair:2   | 8864 ||| FLEEEEING.
  8865 | Lair:2   | 8865 ||| FLEEEEING.
  8886 | Lair:2   | 8886 ||| INVOKING Fiery Armour.
  8887 | Lair:2   | Killed Urug
  8931 | Lair:2   | Found a staircase to the Shoals.
  8949 | Lair:2   | 8949 ||| Stepping ~*~*~tactically~*~*~ (stealth).
  9362 | Lair:2   | 9362 ||| READING 4 scrolls of identify.
  9362 | Lair:2   | 9362 ||| IDENTIFYING bubbling golden potion
  9363 | Lair:2   | 9363 ||| DROPPING potion of degeneration.
  9578 | Lair:3   | 9578 ||| INVOKING Fiery Armour.
  9583 | Lair:3   | 9583 ||| Stepping ~*~*~tactically~*~*~ (outnumbered).
  9585 | Lair:3   | 9585 ||| Stepping ~*~*~tactically~*~*~ (outnumbered).
  9587 | Lair:3   | 9587 ||| Stepping ~*~*~tactically~*~*~ (outnumbered).
  9589 | Lair:3   | 9589 ||| Stepping ~*~*~tactically~*~*~ (outnumbered).
  9590 | Lair:3   | 9590 ||| Stepping ~*~*~tactically~*~*~ (outnumbered).
  9592 | Lair:3   | 9592 ||| Stepping ~*~*~tactically~*~*~ (outnumbered).
  9594 | Lair:3   | 9594 ||| Stepping ~*~*~tactically~*~*~ (outnumbered).
  9595 | Lair:3   | 9595 ||| Stepping ~*~*~tactically~*~*~ (outnumbered).
  9597 | Lair:3   | 9597 ||| FLEEEEING.
  9598 | Lair:3   | 9598 ||| FLEEEEING.
  9599 | Lair:3   | 9599 ||| FLEEEEING.
  9600 | Lair:3   | 9600 ||| FLEEEEING.
  9601 | Lair:3   | 9601 ||| FLEEEEING.
  9602 | Lair:3   | 9602 ||| FLEEEEING.
  9603 | Lair:3   | 9603 ||| FLEEEEING.
  9604 | Lair:3   | 9604 ||| FLEEEEING.
  9605 | Lair:3   | 9605 ||| FLEEEEING.
  9606 | Lair:3   | 9606 ||| STAIRDANCE
  9626 | Lair:3   | 9626 ||| STAIRDANCE
  9628 | Lair:2   | 9628 ||| Stepping ~*~*~tactically~*~*~ (outnumbered).
  9629 | Lair:2   | 9629 ||| Stepping ~*~*~tactically~*~*~ (outnumbered).
  9630 | Lair:2   | 9630 ||| Stepping ~*~*~tactically~*~*~ (outnumbered).
  9688 | Lair:3   | 9688 ||| INVOKING Fiery Armour.
  9694 | Lair:3   | Reached XP level 12. HP: 118/118 MP: 12/12
  9857 | Lair:3   | 9857 ||| Stepping ~*~*~tactically~*~*~ (outnumbered).
  9858 | Lair:3   | 9858 ||| Stepping ~*~*~tactically~*~*~ (outnumbered).
  9859 | Lair:3   | 9859 ||| Stepping ~*~*~tactically~*~*~ (outnumbered).
  9860 | Lair:3   | 9860 ||| Stepping ~*~*~tactically~*~*~ (outnumbered).
  9861 | Lair:3   | 9861 ||| Stepping ~*~*~tactically~*~*~ (outnumbered).
  9862 | Lair:3   | 9862 ||| Stepping ~*~*~tactically~*~*~ (outnumbered).
  9957 | Lair:3   | 9957 ||| Stepping ~*~*~tactically~*~*~ (stealth).
  9983 | Lair:3   | 9983 ||| Stepping ~*~*~tactically~*~*~ (outnumbered).
  9984 | Lair:3   | 9984 ||| Stepping ~*~*~tactically~*~*~ (outnumbered).
  9987 | Lair:3   | 9987 ||| Stepping ~*~*~tactically~*~*~ (outnumbered).
  9989 | Lair:3   | Reached skill level 17 in Unarmed Combat
 10030 | Lair:3   | 10030 ||| Stepping ~*~*~tactically~*~*~ (hiding).
 10071 | Lair:3   | Reached skill level 6 in Throwing
 10168 | Lair:3   | Noticed a seven-headed hydra
 10175 | Lair:3   | Killed a ten-headed hydra
 10465 | Lair:3   | 10465 ||| DROPPING orb of wrath.
 10466 | Lair:3   | 10466 ||| DROPPING amulet of regeneration.
 10526 | Lair:4   | Noticed a six-headed hydra
 10532 | Lair:4   | Killed an eight-headed hydra
 10602 | Lair:4   | 10602 ||| Stepping ~*~*~tactically~*~*~ (stealth).
 10632 | Lair:4   | Found a viscous altar of Jiyva.
 10632 | Lair:4   | Found a staircase to the Slime Pits.
 10654 | Lair:4   | 10654 ||| Stepping ~*~*~tactically~*~*~ (stealth).
 10662 | Lair:4   | 10662 ||| Stepping ~*~*~tactically~*~*~ (outnumbered).
 10724 | Lair:4   | 10724 ||| Stepping ~*~*~tactically~*~*~ (hiding).
 10958 | Lair:4   | 10958 ||| Stepping ~*~*~tactically~*~*~ (stealth).
 10963 | Lair:4   | 10963 ||| Stepping ~*~*~tactically~*~*~ (stealth).
 10966 | Lair:4   | Reached skill level 18 in Unarmed Combat
 10966 | Lair:4   | 10966 ||| FLEEEEING.
 10967 | Lair:4   | 10967 ||| FLEEEEING.
 10973 | Lair:4   | 10973 ||| FLEEEEING.
 10996 | Lair:4   | 10996 ||| Stepping ~*~*~tactically~*~*~ (stealth).
 11012 | Lair:4   | 11012 ||| Stepping ~*~*~tactically~*~*~ (stealth).
 11314 | Lair:4   | 11314 ||| Stepping ~*~*~tactically~*~*~ (stealth).
 11334 | Lair:4   | 11334 ||| Stepping ~*~*~tactically~*~*~ (outnumbered).
 11335 | Lair:4   | 11335 ||| Stepping ~*~*~tactically~*~*~ (outnumbered).
 11336 | Lair:4   | 11336 ||| Stepping ~*~*~tactically~*~*~ (outnumbered).
 11372 | Lair:4   | Found a runed translucent gate.
 11372 | Lair:4   | Found a runed translucent gate.
 11372 | Lair:4   | Found a runed translucent gate.
 11372 | Lair:4   | Noticed qw's ghost (journeyman TrCA)
 11372 | Lair:4   | Noticed qw's ghost (journeyman TrCA)
 11372 | Lair:4   | Noticed qw's ghost (journeyman TrCA)
 11456 | Lair:4   | Identified the +1 spear of Aparurul {freeze, rN+ Will+
                  | Int+7 Dex-4}
 11564 | Lair:4   | 11564 ||| UPGRADING to +1 cloak.
 11569 | Lair:4   | 11569 ||| DROPPING ring of ice.
 11570 | Lair:4   | 11570 ||| UPGRADING to ring of protection from cold.
 11667 | Lair:5   | Entered Level 5 of the Lair of Beasts
 11669 | Lair:5   | Noticed a four-headed hydra
 11670 | Lair:5   | 11670 ||| Stepping ~*~*~tactically~*~*~ (stealth).
 11677 | Lair:5   | 11677 ||| FLEEEEING.
 11678 | Lair:5   | 11678 ||| STAIRDANCE
 11683 | Lair:4   | Killed a seven-headed hydra
 11942 | Lair:5   | Noticed a death yak
 11942 | Lair:5   | Noticed a death yak
 11942 | Lair:5   | Noticed a death yak
 11943 | Lair:5   | 11943 ||| Stepping ~*~*~tactically~*~*~ (outnumbered).
 11944 | Lair:5   | 11944 ||| Stepping ~*~*~tactically~*~*~ (outnumbered).
 11945 | Lair:5   | 11945 ||| Stepping ~*~*~tactically~*~*~ (outnumbered).
 11947 | Lair:5   | 11947 ||| Stepping ~*~*~tactically~*~*~ (outnumbered).
 11948 | Lair:5   | 11948 ||| Stepping ~*~*~tactically~*~*~ (outnumbered).
 11948 | Lair:5   | HP: 23/118 [death yak (7)]
 11948 | Lair:5   | HP: 8/118 [cane toad (16)]
 11949 | Lair:5   | 11949 ||| Stepping ~*~*~tactically~*~*~ (outnumbered).
 11953 | Lair:5   | Reached skill level 3 in Armour
 11953 | Lair:5   | 11953 ||| Stepping ~*~*~tactically~*~*~ (stealth).
 11953 | Lair:5   | Mangled by an elephant

Levels and vault maps discovered:
D:1:      dpeg_arrival_ternary, layout_basic, serial_rivers,
          chequers_serial_rivers_micro_c, chequers_serial_rivers_small_b,
          chequers_serial_rivers_small_a, chequers_serial_rivers_large_a,
          chequers_serial_rivers_micro_e, chequers_serial_rivers_small_3,
          ebering_ecumenical_altar_hall
D:2:      layout_basic, serial_curves, eino_curves_01, eino_curves_03,
          eino_curves_01, basic_altar, serial_park_tiny_pond,
          minmay_misc_feat_nine_boxes
D:3:      layout_loops_corners, saegor_snake_ambush, uniq_crazy_yiuf_cottage,
          uniq_sigmund, uniq_grinder
D:4:      minmay_clustersquares, layout_basic, tgw_fedhas, serial_forest,
          infiniplex_forest_end_1, infiniplex_forest_clump_small,
          infiniplex_forest_lined_2, infiniplex_forest_end_3,
          uniq_blork_the_orc, uniq_natasha
D:5:      minmay_recursive_quarters, layout_basic, serial_shops,
          nicolae_shop_trees, kennysheep_generic_room_15
D:6:      layout_rooms, jmf_multi_god_temple,
          grunt_temple_overflow_lords_of_destruction,
          minmay_temple_entry_mini_moons, minmay_strange_pillars,
          roderic_serpentine_path
D:7:      layout_gridville
D:8:      layout_basic, gammafunk_temple_overflow_arena,
          mainiacjoe_overflow_six_doors_small, minmay_lair_entry_grove,
          gup_ossuary_entry_pyramid, enter_bailey_4
Lair:1:   layout_regular_city, ebering_ghost_inner_flame, uniq_maggie,
          uniq_fannar
Lair:2:   layout_cellular_growth, minmay_shoals_entry_hut,
          guppyfry_snake_entry_island, grunt_megastairs_4, uniq_urug
Lair:3:   layout_cave_pods, grunt_megastairs_3
Lair:4:   layout_loops_ring, slime_entry_1, gammafunk_ghost_cemetery,
          roderic_carrion_pond
Lair:5:   hellmonk_lair_end_abyssal_woods, layout_regular_city,
          portal_ice_cave_demonic_guard, chequers_serial_rivers_marsh,
          chequers_serial_rivers_room_b, ldierk_geyser,
          kennysheep_abandoned_house

Skill      XL: |  1  2  3  4  5  6  7  8  9 10 11 12 |
---------------+-------------------------------------+-----
Unarmed Combat | 4 6 8 9 10 12 14 16 18 | 18.0
Throwing       | 1 2 3 5 6 |  6.0
Fighting       | 3 4 5 6 7 |  7.6
Dodging        | 1 2 3 4 |  4.1
Armour         | 2 3 |  3.1
Spellcasting   | |  1.0
Fire Magic     | |  2.1

Action                   |  1- 3 |  4- 6 |  7- 9 | 10-12 || total
-------------------------+-------+-------+-------+-------++-------
Melee: Unarmed           |    41 |    75 |   259 |   384 ||   759
       Punch             |     1 |     2 |    10 |    27 ||    40
Throw: Javelin           |    28 |    17 |    38 |    48 ||   131
       Boomerang         |       |       |    30 |    82 ||   112
Invok: Fiery Armour      |     1 |     1 |     1 |     9 ||    12
  Use: Scroll            |     6 |     1 |    16 |     6 ||    29
       Potion            |     1 |     1 |     2 |     1 ||     5
Armor: Robe              |    23 |    22 |    42 |    24 ||   111
       Acid dragon scale |       |       |       |   115 ||   115
Dodge: Dodged            |    18 |    23 |    78 |   160 ||   279

Table legend:
 A = Non-vault XP
 B = Vault XP
 C = Vault XP percentage of total XP
 D = Non-vault monster count
 E = Vault monster count
 F = Vault count percentage of total count
                 A         B        C        D         E       F
            +---------+---------+-------+---------+---------+-------
      Total |   29641 |    7577 |  20.4 |     268 |      63 |  19.0
            +---------+---------+-------+---------+---------+-------
        D:1 |      33 |       0 |   0.0 |      20 |       0 |   0.0
        D:2 |     129 |       0 |   0.0 |      18 |       0 |   0.0
        D:3 |     212 |     510 |  70.6 |      23 |       3 |  11.5
        D:4 |     657 |     515 |  43.9 |      30 |      15 |  33.3
        D:5 |     296 |     133 |  31.0 |      11 |       9 |  45.0
        D:6 |     838 |     102 |  10.9 |      28 |       3 |   9.7
        D:7 |     864 |     210 |  19.6 |      17 |       1 |   5.6
        D:8 |    2501 |    1889 |  43.0 |      26 |      18 |  40.9
     Lair:1 |    3160 |    1319 |  29.4 |      13 |       2 |  13.3
     Lair:2 |    5279 |    1511 |  22.3 |      34 |       5 |  12.8
     Lair:3 |    7243 |     864 |  10.7 |      26 |       1 |   3.7
     Lair:4 |    7666 |     524 |   6.4 |      19 |       6 |  24.0
     Lair:5 |     763 |       0 |   0.0 |       3 |       0 |   0.0
            +---------+---------+-------+---------+---------+-------
